 Dungeon Crawl Stone Soup version 0.26-a0-542-gbaa144ba5c (webtiles) character file.

Game seed: 7887723424853715178

34 Descartes the Grasshopper (level 3, 0/24 HPs)
             Began as a Felid Warper on Aug 18, 2020.
             Succumbed to a goblin's poison
             ... on level 2 of the Dungeon.
             The game lasted 00:02:42 (1649 turns).

Descartes the Grasshopper (Felid Warper)            Turns: 1649, Time: 00:02:42

Health: 0/24       AC: 21    Str:  8    XL:     3   Next: 14%
Magic:  7/7        EV:  4    Int: 14    God:
Gold:   49         SH:  0    Dex: 15    Spells: 6/6 levels left
                                        Lives:  0   Deaths: 0

rFire    . . .     SeeInvis +     - Unarmed
rCold    . . .     Faith    .   (shield unavailable)
rNeg     + + +     Spirit   .   (armour unavailable)
rPois    +         Reflect  .   (helmet unavailable)
rElec    .         Harm     .   (cloak unavailable)
rCorr    .         NoTele   +   (gloves unavailable)
MR       .....                  (boots unavailable)
Stlth    ++........             (no amulet)
HPRegen  0.08/turn              (no ring)
MPRegen  0.10/turn              (no ring)

@: brilliant, lethally poisoned (0 -> -2), tree-form
A: very small, no armour, no weapons or thrown items, stealth, see invisible, no
potion heal 1
a: no special abilities


You were on level 2 of the Dungeon.
You were a tree.
You visited 1 branch of the dungeon, and saw 2 of its levels.

You collected 49 gold pieces.

Inventory:

Missiles
 k - 43 stones
 n - 28 arrows
Scrolls
 b - a scroll of blinking
 c - a scroll of fog {unknown}
 d - a scroll of remove curse {unknown}
 e - a scroll of teleportation
 f - a scroll of fear {unknown}
 h - a scroll of identify {unknown}
 i - a scroll of immolation {unknown}
 l - a scroll of enchant armour {unknown}
 m - a scroll of enchant weapon {unknown}


   Skills:
 - Level 2.0 Fighting
 + Level 4.0 Dodging
 + Level 2.2 Stealth
 + Level 2.6 Unarmed Combat
 - Level 2.0 Spellcasting
   Level 4.4 Translocations


You had 6 spell levels left.
You didn't know any spells.
Your spell library contained the following spells:

 Spells                   Type           Power        Failure   Level
 Blink                    Tloc           N/A          6%          2
 Gell's Gravitas          Tloc           ###.......   12%         3
 Lesser Beckoning         Tloc           ###.......   12%         3
 Teleport Other           Tloc           ###.....     12%         3
 Passage of Golubria      Tloc           N/A          36%         4


Dungeon Overview and Level Annotations

Branches:
Dungeon (2/15)

Altars:


Innate Abilities, Weirdness & Mutations

You cannot wear armour.
You are incapable of wielding weapons or throwing items.
Your paws allow you to move quietly. (Stealth)
((You have sharp claws.))
((You have razor-sharp teeth.))
You have supernaturally acute eyesight. (SInv)
((You cover ground quickly.))
((You are covered in fur. (AC +1)))
((Your sharp claws are effective at attacking unaware monsters.))
((You are partially covered in slimy green scales. (AC +2)))
Potions are less effective at restoring your health.


Message History

It was a potion of lignification.
You turn into a tree.
Your roots penetrate the ground.
The giant cockroach barely misses you.
You hit the giant cockroach but do no damage.
The giant cockroach bites you but does no damage.
* * * LOW HITPOINT WARNING * * *
You feel sick. The giant cockroach bites you.
* * * LOW HITPOINT WARNING * * *
You hit the giant cockroach.
The giant cockroach is almost dead.
The giant cockroach bites you but does no damage.
You hit the giant cockroach.
You kill the giant cockroach!
Your Dodging skill increases to level 4!
You cannot move.
You aren't carrying any potions.
* * * LOW HITPOINT WARNING * * *
You feel sick.
* * * LOW HITPOINT WARNING * * *
You feel sick.
You die...

..####.######
............##
.......$)....#
...###.####..#
#$####..# ...
....##..#
#.###.#.##..#
#.##..#.##..###
#.##.##.##♣...#
#.##.##.##.##.#
#.##.##.##.##.#
##..........##.#
#....†..<#####.#
#.###.#### #.#
######.###.# #.#
...........# #.#
######.########
#.#


There were no monsters in sight!

Vanquished Creatures
  An ooze (D:1)
  A dart slug (D:1)
  A worm (D:2)
  A leopard gecko (D:1)
  2 giant cockroaches
  3 goblins
  3 hobgoblins (D:1)
  3 jackals (D:1)
  4 bats (D:1)
  4 frilled lizards
  A rat (D:1)
24 creatures vanquished.

Notes
Turn   | Place    | Note
-------+----------+-------------------------------------------
     0 | D:1      | Descartes the Felid Warper began the quest for the Orb.
     0 | D:1      | Reached XP level 1. HP: 9/9 MP: 4/4
   198 | D:1      | Reached skill level 1 in Stealth
   261 | D:1      | Reached XP level 2. HP: 13/13 MP: 6/6
  1290 | D:2      | Reached XP level 3. HP: 13/16 MP: 7/7
  1634 | D:2      | Gained mutation: Potions are less effective at restoring
                  | your health. [potion of mutation]
  1634 | D:2      | Gained mutation: You are partially covered in slimy green
                  | scales. (AC +2) [potion of mutation]
  1645 | D:2      | HP: 1/24 [poisoned by a goblin]
  1649 | D:2      | Succumbed to a goblin's poison

Illustrated notes

Levels and vault maps discovered:
D:1:      eino_arrival_water_star, layout_basic, interstate_on_off,
          minmay_tiny_reverse_x
D:2:      layout_loops_ring

Skill      XL: |  1  2  3 |
---------------+----------+-----
Stealth        | 1 2 |  2.2
Dodging        | 4 |  4.0
Fighting       | |  2.0
Unarmed Combat | |  2.6
Spellcasting   | |  2.0
Translocations | |  4.4

Action                   || total
-------------------------++-------
Melee: Unarmed           ||    89
       Bite              ||     4
       Punch             ||     1
  Use: Scroll            ||     1
       Potion            ||     3
 Stab: Sleeping          ||     8
Armor: Skin              ||     7
Dodge: Dodged            ||    72

Table legend: (Time is in decaauts)
 A = Elapsed time spent in this place.
 B = Non-inter-level travel time spent in this place.
 C = Inter-level travel time spent in this place.
 D = Time resting spent in this place.
 E = Time spent auto-exploring this place.
 F = Levels seen in this place.
 G = Mean time per level.
                   A        B        C        D        E       F      G
               +--------+--------+--------+--------+--------+-----+--------+
         Total |   1479 |   1451 |     28 |      0 |   1260 |   2 |  739.5 |
       Dungeon |   1479 |   1451 |     28 |      0 |   1260 |   2 |  739.5 |
               +--------+--------+--------+--------+--------+-----+--------+

Top non-repeatable levels by time:
     D:1: 1132 daAuts
     D:2: 346 daAuts
